 Dungeon Crawl Stone Soup version 0.27-a0-1256-gced786f65e (webtiles) character file.

Game seed: 2521057670086804627

1558 zezblit the Basher (level 8, -2/79 HPs)
             Began as a Troll Berserker on June 10, 2021.
             Was an Elder of Trog.
             Slain by an orc priest
             ... wielding a +0 mace
              (7 damage)
             ... on level 6 of the Dungeon.
             The game lasted 00:32:10 (4101 turns).

zezblit the Basher (Troll Berserker)                Turns: 4101, Time: 00:32:11

Health: -2/79      AC:  9    Str: 28    XL:     8   Next: 58%
Magic:  7/7        EV: 10    Int:  8    God:    Trog [****..]
Gold:   143        SH:  0    Dex:  9    Spells: 7/7 levels left

rFire    . . .     SeeInvis .   f - +0 giant spiked club
rCold    x . .     Faith    .   (shield currently unavailable)
rNeg     . . .     Spirit   .   a - +0 steam dragon scales
rPois    .         Reflect  .   (helmet restricted)
rElec    .         Harm     .   p - +1 cloak of Amelioration {rC- Int+5}
rCorr    .         Rampage  .   (gloves unavailable)
Will     ++...                  (boots unavailable)
Stlth    +.........             (no amulet)
HPRegen  2.23/turn              (no ring)
MPRegen  0.10/turn              (no ring)

@: strong-willed, regenerating
A: large, unfitting armour, claws 3, regeneration 1, shaggy fur 1, tough skin 1
a: Renounce Religion, Berserk, Trog's Hand, Brothers in Arms


You were on level 6 of the Dungeon.
You worshipped Trog.
Trog was greatly pleased with you.
You visited 1 branch of the dungeon, and saw 7 of its levels.

You collected 342 gold pieces.
You spent 199 gold pieces at shops.

Inventory:

Hand Weapons
 c - a +0 spear
 f - a +0 giant spiked club (weapon)
 l - a +0 flail
 x - a +1 mace of protection
 y - a +0 war axe
Missiles
 s - a throwing net
 u - 4 curare-tipped darts
 w - 3 boomerangs
Armour
 a - +0 steam dragon scales (worn)
 b - a +0 animal skin
 m - a +1 robe of the Archmagi
 p - the +1 cloak of Amelioration (worn) {rC- Int+5}
   (You bought it in a shop on level 1 of the Dungeon)

   It affects your intelligence (+5).
   It makes you vulnerable to cold.
Wands
 d - a wand of iceblast (16)
 r - a wand of acid (10)
Scrolls
 g - a scroll of teleportation
 h - a scroll of enchant armour {unknown}
 i - a scroll of magic mapping {unknown}
 o - a scroll of enchant weapon {unknown}
 q - a scroll of identify
 v - 2 scrolls of amnesia {unknown}
Potions
 e - a potion of attraction
 j - a potion of curing
 k - 2 potions of brilliance
 n - a potion of resistance


   Skills:
 * Level 4.5 Fighting
 * Level 8.6 Maces & Flails
 + Level 4.1 Dodging


You had 7 spell levels left.
You didn't know any spells.
Your spell library was empty.

Dungeon Overview and Level Annotations

Branches:
Dungeon (7/15)
 Temple: D:4-7

Altars:
Trog

Shops:
D:1 [   D:5 :??


Innate Abilities, Weirdness & Mutations

You are too large for most types of armour.
You have claws for hands.
Your natural rate of healing is unusually fast.
You are covered in fur. (AC +1)
You have tough skin. (AC +1)


Message History

The orc priest calls down the wrath of Beogh upon you.
Beogh smites you!
You sock the orc priest!
The orc priest is severely wounded.
The orc priest mumbles some strange prayers to Beogh against you.
Beogh smites you!
* * * LOW HITPOINT WARNING * * *
The orc priest hits you with a +0 mace.
* * * LOW HITPOINT WARNING * * *
You feel better.
The orc priest hits you but does no damage.
The orc priest mumbles some strange prayers to Beogh against you.
Beogh smites you!
* * * LOW HITPOINT WARNING * * *
You closely miss the orc priest.
The orc priest is severely wounded.
You recover from your berserk rage.
The orc priest hits you with a +0 mace.
* * * LOW HITPOINT WARNING * * *
The orc priest hits you with a +0 mace.
* * * LOW HITPOINT WARNING * * *
Your skin crawls.
You feel strong-willed. The orc priest hits you with a +0 mace.
* * * LOW HITPOINT WARNING * * *
You hit the orc priest.
The orc priest is almost dead.
The orc priest closely misses you. The orc priest hits you with a +0 mace.
* * * LOW HITPOINT WARNING * * *
You closely miss the orc priest.
The orc priest is almost dead.
The orc priest hits you with a +0 mace.
* * * LOW HITPOINT WARNING * * *
The orc priest closely misses you.
You barely miss the orc priest.
The orc priest is almost dead.
The orc priest hits you with a +0 mace.
* * * LOW HITPOINT WARNING * * *
The orc priest hits you with a +0 mace!
You die...

##.#†.# #.# ###[[#
#.# ### #..#
#.#####.. #..#
#.......# #)[#
######..# #..# #..#
#..#############...
#.o...............#
##@################
#.# # #.# #
#.################
#................)
##################


You could see an orc priest (fast).

Vanquished Creatures
  A steam dragon (D:6)
  2 sky beasts (D:5)
  A black bear (D:5)
  2 ogres
  A phantom (D:5)
  A bullfrog (D:6)
  A water moccasin zombie (D:6)
  A centaur zombie (D:5)
  3 hounds
  A bullfrog zombie (D:6)
  A centaur skeleton (D:4)
  5 orc priests
  7 orc wizards
  3 hound skeletons (D:4)
  A howler monkey skeleton (D:6)
  11 adders
  An ufetubus (D:6)
  2 adder skeletons (D:4)
  2 worms (D:2)
  4 dart slugs
  23 orcs
  4 ball pythons
  6 endoplasms
  5 giant cockroaches
  6 goblins
  5 hobgoblins
  6 jackals (D:1)
  4 bats
  3 frilled lizards
  7 kobolds
  9 rats
129 creatures vanquished.

Vanquished Creatures (others)
  An orc wizard (D:6)
  An orc (D:6)
2 creatures vanquished.

Grand Total: 131 creatures vanquished

Notes
Turn   | Place    | Note
-------+----------+-------------------------------------------
     0 | D:1      | zezblit the Troll Berserker began the quest for the Orb.
     0 | D:1      | Reached XP level 1. HP: 22/22 MP: 0/0
    42 | D:1      | Reached XP level 2. HP: 29/29 MP: 1/1
    49 | D:1      | Found Rupi's Antique Armour Boutique.
    89 | D:1      | Reached skill level 3 in Maces & Flails
   123 | D:2      | Reached XP level 3. HP: 35/36 MP: 2/2
   221 | D:1      | Reached ** piety under Trog
   308 | D:1      | Found a faded altar of an unknown god.
   805 | D:2      | Reached XP level 4. HP: 40/44 MP: 3/3
  1012 | D:2      | Reached skill level 4 in Maces & Flails
  1016 | D:2      | Reached XP level 5. HP: 34/53 MP: 4/4
  1277 | D:3      | Reached *** piety under Trog
  1435 | D:3      | Reached skill level 5 in Maces & Flails
  1523 | D:3      | Reached XP level 6. HP: 61/61 MP: 5/5
  1996 | D:3      | Found a bloodstained altar of Trog.
  2235 | D:5      | Entered Level 5 of the Dungeon
  2327 | D:5      | Found Oshryin's Magic Scroll Shoppe.
  2532 | D:5      | Reached skill level 6 in Maces & Flails
  2532 | D:5      | Reached XP level 7. HP: 60/67 MP: 6/6
  2628 | D:1      | Bought a jewelled cloak for 199 gold pieces
  2628 | D:1      | Identified the +1 cloak of Amelioration {rC- Int+5} (You
                  | bought it in a shop on level 1 of the Dungeon)
  2886 | D:5      | Found Ahinlel's Magic Scroll Emporium.
  2946 | D:5      | Reached **** piety under Trog
  2963 | D:5      | HP: 2/102 [black bear (5)]
  2969 | D:5      | HP: 4/102 [hound (4)]
  2971 | D:5      | Reached skill level 7 in Maces & Flails
  3179 | D:5      | Found Sokk's Book Boutique.
  3243 | D:5      | Found Nyxotut's Antique Weapon Emporium.
  3495 | D:6      | Reached XP level 8. HP: 72/78 MP: 7/7
  3840 | D:6      | Reached skill level 8 in Maces & Flails
  4101 | D:6      | Slain by an orc priest

Illustrated notes

Levels and vault maps discovered:
D:1:      minmay_arrival_jagged, layout_rooms,
          hellmonk_ecumenical_altar_blasted, serial_shops, shop
D:2:      cheibrodos_pilgrimage, layout_basic
D:3:      layout_loops_ring, pf_just_have_faith, minmay_misc_feat_five,
          grunt_ministairs_14, kennysheep_generic_room_11
D:4:      layout_rooms, kennysheep_big_empty_room, chequers_serial_rivers_room_b
D:5:      layout_loops_ring, serial_shops, kennysheep_mini, nicolae_shop_trees,
          kennysheep_mini_moat, shop_fountains
D:6:      layout_loops_ring, minitemple
D:7:      minmay_the_grid_four_pointed_star
          [minmay_the_grid_triangle_9x9_limited_checkers,
          minmay_the_grid_triangle_9x9_dagger,
          minmay_the_grid_triangle_9x9_corrupted_corridor,
          minmay_the_grid_triangle_9x9_negative_grid,
          minmay_the_grid_prize_four_corners], layout_basic,
          minmay_temple_entry_offerings, gammafunk_ghost_nasty_kobolds,
          minivault_4, minivault_14, nrook_loot_triangle, st_stairs_7

Skill      XL: |  1  2  3  4  5  6  7  8 |
---------------+-------------------------+-----
Maces & Flails | 3 4 5 6 7 8 |  8.6
Dodging        | 3 4 |  4.1
Fighting       | 3 4 |  4.5

Action                   |  1- 3 |  4- 6 |  7- 9 || total
-------------------------+-------+-------+-------++-------
Melee: Mace              |   142 |    61 |       ||   203
       Flail             |       |   172 |    96 ||   268
       Giant club        |       |       |   117 ||   117
       Giant spiked club |       |       |    12 ||    12
Invok: Berserk           |       |     1 |     4 ||     5
       Trog's Hand       |       |     1 |     2 ||     3
  Use: Scroll            |       |     4 |     1 ||     5
       Potion            |       |       |     1 ||     1
 Stab: Sleeping          |       |     1 |       ||     1
Armor: Animal skin       |    89 |    23 |       ||   112
       Robe              |       |    70 |   129 ||   199
       Steam dragon scal |       |       |     6 ||     6
Dodge: Dodged            |   133 |   105 |    98 ||   336

Table legend: (Time is in decaauts)
 A = Elapsed time spent in this place.
 B = Non-inter-level travel time spent in this place.
 C = Inter-level travel time spent in this place.
 D = Time resting spent in this place.
 E = Time spent auto-exploring this place.
 F = Levels seen in this place.
 G = Mean time per level.
                   A        B        C        D        E       F      G
               +--------+--------+--------+--------+--------+-----+--------+
         Total |   4250 |   3946 |    304 |    106 |   2424 |   7 |  607.1 |
       Dungeon |   4250 |   3946 |    304 |    106 |   2424 |   7 |  607.1 |
               +--------+--------+--------+--------+--------+-----+--------+

Top non-repeatable levels by time:
     D:3: 825 daAuts
     D:5: 818 daAuts
     D:2: 782 daAuts
     D:6: 690 daAuts
     D:1: 602 daAuts
     D:4: 523 daAuts
     D:7: 7 daAuts
